 Dungeon Crawl Stone Soup version 0.30-a0-632-g346586fe48 (webtiles) character file.

Game seed: 17515992723604362595

9870 wormed the Transmogrifier (level 11, -5/75 HPs)
             Began as an Octopode Transmuter on Jan 13, 2023.
             Was an Initiate of Gozag.
             Slain by a sun demon (14 damage)
             ... summoned by a kobold demonologist
             ... on level 9 of the Dungeon.
             The game lasted 00:17:54 (13454 turns).

wormed the Transmogrifier (Octopode Transmuter)    Turns: 13454, Time: 00:17:55

Health: -5/75      AC: 11    Str: 19    XL:     11   Next: 53%
Magic:  0/24       EV: 15    Int: 25    God:    Gozag
Gold:   176        SH:  0    Dex: 12    Spells: 22/29 levels left

rFire   . . .      SeeInvis .      - Unarmed
rCold   + + +      Faith    .    (shield currently unavailable)
rNeg    . . .      Spirit   +    (helmet currently unavailable)
rPois   +          Reflect  .    k - amulet of guardian spirit
rElec   +          Harm     .    v - ring "Woahume" {rElec Str+2 Int+6}
rCorr   +          Rampage  .    x - +5 ring of evasion
Will    .....                    B - +6 ring of strength
Stlth   +                        (no ring)
HPRegen 0.32/turn                (no ring)
MPRegen 0.19/turn                (no ring)
                                 (no ring)
                                 (no ring)

@: mighty, ice-form, resistant, wereblooded, gold aura
A: freezing attack, boosted hp, almost no armour, amphibious, 8 rings, large,
(camouflage 1), (gelatinous body 1), (nimble swimmer 1), (tentacles)
a: End Transformation, Renounce Religion, Potion Petition, Call Merchant, Bribe
Branch


You were on level 9 of the Dungeon.
You worshipped Gozag.
Gozag was aware of your devotion.
You were a creature of crystalline ice.
You visited 3 branches of the dungeon, and saw 12 of its levels.
You also visited: Ossuary.

You collected 2493 gold pieces.
You spent 1514 gold pieces at shops.
You paid 803 gold pieces to Gozag.

Inventory:

Missiles
 c - 2 throwing nets (quivered)
Jewellery
 k - an amulet of guardian spirit (around neck)
 u - a ring of fire
 v - the ring "Woahume" (left front paw) {rElec Str+2 Int+6}
   (You bought it in a shop on level 6 of the Dungeon)

   [ring of intelligence]

   Str:       It affects your strength (+2).
   Int:       It affects your intelligence (+6).
   rElec:     It insulates you from electricity.
 x - a +5 ring of evasion (right front paw)
 y - an amulet of faith
 B - a +6 ring of strength (on tentacle)
Wands
 g - a wand of digging (4)
 r - a wand of iceblast (3)
 t - a wand of flame (28)
Scrolls
 i - 2 scrolls of amnesia
 m - 2 scrolls of immolation
Potions
 b - a potion of mutation
 d - 3 potions of brilliance
 e - a potion of flight
 f - 2 potions of degeneration
 h - a potion of ambrosia
 j - 3 potions of curing
 l - a potion of might
 o - 3 potions of attraction
 q - a potion of cancellation
 s - 2 potions of invisibility
 w - a potion of lignification


   Skills:
 + Level 1.2 Fighting
 + Level 2.1 Dodging
 + Level 3.1 Unarmed Combat
 + Level 9.6 Spellcasting
 * Level 13.7 Transmutations
 - Level 5.0 Ice Magic


You had 22 spell levels left.
You knew the following spells:

 Your Spells              Type           Power      Damage    Failure   Level
a - Wereblood             Tmut           69%        N/A       1%          2
b - Ice Form              Ice/Tmut       56%        N/A       1%          4
z - Beastly Appendage     Tmut           100%       N/A       1%          1

Your spell library contained the following spells:

 Spells                   Type           Power      Damage    Failure   Level
 Ozocubu's Armour         Ice            37%        N/A       1%          3
 Spider Form              Tmut/Pois      46%        N/A       1%          3
 Magic Dart               Conj           48%        1d5       5%          1
 Call Imp                 Summ           12%        N/A       8%          2
 Inner Flame              Hex/Fire       12%        N/A       16%         3
 Mephitic Cloud           Conj/Pois/Air  12%        N/A       16%         3
 Cause Fear               Hex            6%         N/A       45%         4
 Ozocubu's Refrigeration  Ice            18%        4d11      99%         7
 Discord                  Hex            6%         N/A       100%        8
 Chain Lightning          Conj/Air       6%         3d8       100%        9
 Fire Storm               Conj/Fire      6%         8d2       100%        9
 Shatter                  Erth           6%         3d9*      100%        9


Dungeon Overview and Level Annotations

Branches:
Dungeon (9/15)             Temple (1/1) D:5            Lair (2/5) D:8
 Shoals (0/4) Lair:2      Ossuary (visited)
  Snake: Lair:2-3    Spider: Lair:2-3       Orc: D:9-12

Altars:
Ashenzari
Dithmenos
Fedhas
Gozag
Hepliaklqana
Kikubaaqudgha
Makhleb
Nemelex Xobeh
Okawaru
Qazlal
Ru
Sif Muna
Trog
Uskayaw
Vehumet
Wu Jian
Xom
Yredelemnul
Zin
The Shining One

Shops:
D:1 =(   D:6 =


Innate Abilities, Weirdness & Mutations

You are a creature of crystalline ice.
You have a powerful freezing melee attack.
Your maximum health is increased.
Your armour is entirely melded.
You are incapable of wielding weapons or throwing items.
You cannot wear most types of armour.
You are amphibious.
You can wear up to eight rings at the same time.
((Your skin changes colour to match your surroundings (Stealth+).))
((Your rubbery body absorbs attacks. (AC +1, EV +1)))
((You are camouflaged when in or above water. (Stealth+)))
((You have tentacles for arms and can constrict up to eight enemies at once.))


Message History

You hit the troll. You freeze the troll.
The troll is lightly wounded.
The yak closely misses you. The troll completely misses you.
The troll claws you. x2
The yak attacks as you move away! The yak completely misses you.
The yak is no longer distracted by gold.
You barely miss the yak.
The yak is lightly wounded.
The yak barely misses you.
You hit the yak. You freeze the yak.
The yak is lightly wounded.
The yak gores you.
You punch the yak! You freeze the yak.
The yak is heavily wounded.
The yak gores you.
You hit the yak. You freeze the yak.
The yak is severely wounded.
The yak gores you!
* * * LOW HITPOINT WARNING * * *
You feel very mighty all of a sudden.
You howl as the wereblood boils in your veins!
The yak closely misses you.
You punch the yak! You freeze the yak.
The yak is almost dead.
The kobold demonologist is distracted by your dazzling golden aura.
The yak gores you but does no damage.
The kobold demonologist shouts!
You hit the yak. You freeze the yak.
You feel a bit better.
You kill the yak!
You howl as the wereblood boils in your veins!
You feel protected. The sun demon closely misses you. x2
You punch the sun demon! You freeze the sun demon.
The sun demon is moderately wounded.
The chaos spawn grows dozens of eye stalks in order to get a better look at you.
The sun demon hits you!!
* * * LOW HITPOINT WARNING * * *
You are engulfed in flames!
You die...
Your body crumbles into a pile of gold. ########## #......<.# ########## #........# #........# #........# ... #........# #........# ... #.[......####........# l.Y

#..........Y3YK......# ..T
#........####T4......# ...
##).^.....# ##$.......#
...##.(.......# #..>......#
...#..........###.4.......#
# #..######...##..#########
... ..K.##
##..)......######.....
..... #.#...KKYT.Y.<.....!.
####.#
#..#..?.....######.>..


You could see a sun demon (summoned), a kobold demonologist, a yak, a troll and
a chaos spawn (summoned).

Vanquished Creatures
  Joseph (D:7)
  A black mamba (Lair:1)
  2 cane toads (Lair:1)
  A komodo dragon (Lair:1)
  A troll (D:7)
  A hornet (D:7)
  2 wyverns
  28 yaks
  A basilisk (Lair:2)
  2 steam dragons
  Menkaure (D:7)
  3 water moccasins
  Duvessa (D:7)
  2 black bears
  2 ice beasts
  2 orc warriors (D:8)
  2 sky beasts (D:4)
  An ogre (D:4)
  3 wolves
  2 centaurs
  A phantom (D:6)
  2 bullfrogs
  An elf zombie (Ossuary)
  3 wights (D:8)
  Dowan (D:6)
  4 howler monkeys
  A crimson imp (D:8)
  A centaur zombie (Ossuary)
  A human zombie (Ossuary)
  2 orc priests
  2 gnoll boudas
  2 hounds
  4 iguanas
  9 orc wizards
  2 mummies (Ossuary)
  13 gnolls
  10 adders
  3 white imps
  An ufetubus (D:6)
  An adder zombie (Ossuary)
  2 worms
  5 dart slugs
  20 orcs
  2 ball pythons (D:3)
  5 endoplasms
  2 giant cockroaches (D:1)
  3 goblins
  3 hobgoblins
  4 jackals (D:4)
  3 kobolds
  3 quokkas
  3 bats (D:2)
  3 frilled lizards
  4 goblin zombies (Ossuary)
  14 hobgoblin zombies (Ossuary)
  2 jackal zombies (Ossuary)
  8 kobold zombies (Ossuary)
  4 orc zombies (Ossuary)
  3 rats
  A rat zombie (Ossuary)
217 creatures vanquished.

Vanquished Creatures (others)
  2 plants (Lair:1)
2 creatures vanquished.

Grand Total: 219 creatures vanquished

Notes
Turn   | Place    | Note
-------+----------+-------------------------------------------
     0 | D:1      | wormed the Octopode Transmuter began the quest for the Orb.
     0 | D:1      | Reached XP level 1. HP: 13/13 MP: 3/3
    33 | D:1      | Reached skill level 1 in Ice Magic
    33 | D:1      | Reached XP level 2. HP: 16/18 MP: 3/5
    36 | D:1      | Learned a level 2 spell: Wereblood
    87 | D:1      | Found Juimuxt's Jewellery Shop.
   334 | D:1      | Found Naisoy's Antique Weapon Boutique.
   850 | D:1      | Identified a scroll of acquirement
   850 | D:1      | Acquired 1124 gold pieces
  1035 | D:2      | Reached XP level 3. HP: 14/23 MP: 2/6
  1287 | D:2      | Reached XP level 4. HP: 15/28 MP: 4/7
  1854 | D:2      | Found a faded altar of an unknown god.
  1882 | D:2      | Learned a level 4 spell: Ice Form
  1883 | D:3      | You fall into a shaft and drop 3 floors!
  1895 | D:6      | Found a shimmering altar of Xom.
  1903 | D:6      | Found a shimmering altar of Xom.
  1906 | D:6      | Found a shimmering altar of Xom.
  1913 | D:5      | Entered Level 5 of the Dungeon
  1914 | D:5      | Found a staircase to the Ecumenical Temple.
  1919 | Temple   | Entered the Ecumenical Temple
  1946 | D:6      | Found a shimmering altar of Xom.
  1959 | D:5      | Noticed a black bear
  1967 | D:5      | Killed a black bear
  1968 | D:5      | Reached skill level 3 in Transmutations
  1968 | D:5      | Reached XP level 5. HP: 26/33 MP: 4/9
  2111 | D:5      | Reached XP level 6. HP: 17/38 MP: 3/10
  2189 | D:5      | Found an ancient bone altar of Kikubaaqudgha.
  2446 | D:5      | Noticed an ice beast
  2456 | D:4      | Found a sand-covered staircase.
  2556 | Ossuary  | Entered an ossuary
  2836 | Ossuary  | Reached XP level 7. HP: 43/43 MP: 8/12
  2843 | Ossuary  | Reached skill level 4 in Transmutations
  2870 | Ossuary  | Reached skill level 5 in Ice Magic
  3361 | D:4      | Found a radiant altar of Vehumet.
  3369 | D:4      | Found a glowing silver altar of Zin.
  3369 | D:4      | Found a bloodstained altar of Trog.
  3507 | D:4      | Reached skill level 5 in Transmutations
  3646 | D:4      | Reached XP level 8. HP: 48/48 MP: 11/15
  4317 | D:3      | Reached skill level 5 in Spellcasting
  4317 | D:3      | Reached skill level 6 in Transmutations
  5227 | D:5      | Found a shadowy altar of Dithmenos.
  6287 | D:6      | Found an opulent altar of Gozag.
  6310 | D:6      | Became a worshipper of Gozag Ym Sagoz the Greedy
  6499 | D:6      | Reached skill level 7 in Transmutations
  6795 | D:6      | Found a sacrificial altar of Ru.
  6898 | D:6      | Found a sparkling altar of Nemelex Xobeh.
  6906 | D:6      | Bought the ring "Woahume" {rElec Str+2 Int+6} for 650 gold
                  | pieces
  6964 | D:7      | Noticed Duvessa
  6964 | D:7      | Noticed Dowan
  6967 | D:7      | Noticed Menkaure
  6973 | D:7      | Killed Duvessa
  6984 | D:6      | Killed Dowan
  6985 | D:6      | Reached XP level 9. HP: 17/53 MP: 3/18
  7208 | D:7      | Noticed a hornet
  7216 | D:7      | Killed a hornet
  7217 | D:7      | Reached skill level 8 in Transmutations
  7428 | D:7      | Noticed Joseph
  7637 | D:7      | Killed Menkaure
  7654 | D:7      | Reached skill level 9 in Transmutations
  7712 | D:7      | Noticed a troll
  7722 | D:7      | Killed a troll
  7851 | D:7      | Found a shimmering blue altar of Sif Muna.
  8006 | D:7      | Found a shimmering altar of Xom.
  8040 | D:7      | Killed Joseph
  8404 | D:8      | Reached skill level 10 in Transmutations
  8529 | D:8      | Found a burning altar of Makhleb.
  8730 | D:8      | Reached XP level 10. HP: 47/58 MP: 11/21
  9254 | D:8      | Found a staircase to the Lair.
  9451 | D:8      | Reached skill level 11 in Transmutations
  9672 | D:8      | Found a blossoming altar of Fedhas.
 10392 | D:9      | Noticed a kobold demonologist
 10696 | D:6      | Bought a +5 ring of evasion for 432 gold pieces
 10780 | Lair:1   | Entered Level 1 of the Lair of Beasts
 10916 | Lair:1   | Reached skill level 12 in Transmutations
 11160 | Lair:1   | Noticed a cane toad
 11188 | Lair:1   | Reached XP level 11. HP: 63/63 MP: 21/23
 11418 | Lair:1   | Reached skill level 13 in Transmutations
 11685 | D:6      | Bought a +6 ring of strength for 432 gold pieces
 12382 | Lair:2   | Found a staircase to the Shoals.
 13134 | Lair:2   | Noticed a five-headed hydra
 13439 | D:9      | Noticed a sun demon
 13454 | D:9      | Slain by a sun demon

Illustrated notes

Levels and vault maps discovered:
D:1:      dpeg_arrival_round_b, layout_basic, serial_shops,
          nicolae_shop_crystal, shop
D:2:      layout_basic, hellmonk_ecumenical_altar_leap_of_faith,
          hangedman_abyss_or_decor_lesser_grid
D:3:      layout_basic, minmay_misc_feat_hallway
D:4:      layout_loops_ring, grunt_temple_overflow_open,
          chequers_ossuary_entry_cave
D:5:      layout_gridville, old_standard_altar, mainiacjoe_overflow_paths,
          minmay_temple_entry_from_below_a
D:6:      layout_rooms, nicolae_ru_sacrificial_ziggurat, xom_redecorated,
          kennysheep_mini_moat, nicolae_gozag_seed_capital
D:7:      layout_cave_pools, roderic_roman_lattice, hangedman_feature_mirror,
          uniq_joseph, uniq_menkaure, uniq_duvessa
D:8:      layout_layer_cave, bloody_makhleb, kennysheep_mini, lair_entry_dummy,
          grunt_decor_mini_mirrors, minmay_splitting_lines,
          minmay_fire_ice_demons
D:9:      layout_rooms
Temple:   hellmonk_temple_rainy
Lair:1:   layout_small_grid, serial_bayou_shore_a, lemuel_fruit_tree,
          infiniplex_staircase_pool_2
Lair:2:   layout_regular_city, elwin_shoals_entry_rocks,
          spider_nest_entry_rubble, serial_bayou_shore_b

Skill      XL: |  1  2  3  4  5  6  7  8  9 10 11 |
---------------+----------------------------------+-----
Ice Magic      | 1 2 3 4 5 |  5.0
Spellcasting   | 3 4 6 7 8 9 |  9.6
Transmutations | 3 5 7 10 12 13 | 13.7
Fighting       | |  1.2
Dodging        | |  2.1
Unarmed Combat | |  3.1

Action                   |  1- 3 |  4- 6 |  7- 9 | 10-12 || total
-------------------------+-------+-------+-------+-------++-------
Melee: Unarmed           |    43 |    96 |   307 |   272 ||   718
       Kick              |    15 |     6 |       |       ||    21
       Tentacles         |     7 |     8 |     1 |       ||    16
       Constrict         |    15 |     7 |     1 |       ||    23
       Punch             |     1 |     1 |       |       ||     2
 Cast: Beastly Appendage |    10 |     8 |       |       ||    18
       Wereblood         |     8 |     6 |    31 |    25 ||    70
       Ice Form          |       |    10 |    41 |    25 ||    76
Invok: Call Merchant     |       |       |     1 |       ||     1
  Use: Scroll            |     4 |     5 |    12 |     6 ||    27
       Potion            |     1 |     1 |    13 |     5 ||    20
 Stab: Sleeping          |       |       |     1 |       ||     1
Armor: Skin              |     5 |    31 |   157 |    77 ||   270
Dodge: Dodged            |    13 |    69 |   124 |   192 ||   398

Table legend: (Time is in decaauts)
 A = Elapsed time spent in this place.
 B = Non-inter-level travel time spent in this place.
 C = Inter-level travel time spent in this place.
 D = Time resting spent in this place.
 E = Time spent auto-exploring this place.
 F = Levels seen in this place.
 G = Mean time per level.
                   A        B        C        D        E       F      G
               +--------+--------+--------+--------+--------+-----+--------+
         Total |  13362 |  12424 |    938 |    379 |   9894 |  13 | 1027.8 |
       Dungeon |  10623 |   9793 |    830 |    229 |   7988 |   9 | 1180.3 |
        Temple |     15 |     15 |      0 |      0 |      0 |   1 |   15.0 |
          Lair |   2281 |   2173 |    108 |    150 |   1658 |   2 | 1140.5 |
       Ossuary |    441 |    441 |      0 |      0 |    247 |   1 |  441.0 |
               +--------+--------+--------+--------+--------+-----+--------+

Top non-repeatable levels by time:
     D:8: 2030 daAuts
  Lair:1: 1746 daAuts
     D:5: 1531 daAuts
     D:7: 1339 daAuts
     D:6: 1282 daAuts
     D:4: 1170 daAuts
     D:3: 1133 daAuts
     D:2: 1023 daAuts
     D:1: 868 daAuts
  Lair:2: 535 daAuts
 Ossuary: 441 daAuts
     D:9: 243 daAuts
  Temple: 15 daAuts
